Map: Ephemeron LE

Players

Kas

  • Race: Terran Terran
  • Spawn Location: 5:00

GogojOey - Winner!

  • Race: Zerg Zerg
  • Spawn Location: 11:00

Event: NationWars 2019

VOD

Have the link to the VOD?

Description

Time

  • Played on: Oct. 3, 2019, 3:06 p.m.
  • Length: 10:14

All games in this series

Show
View Real Time Build Order
Export as new Build Order

Kas Terran 

Build Orders: Liberator Opening, Reaper Expand 

Get SALT Encoding   

  12  0:01  SCV  
  13  0:13  SCV  
  14  0:17  Supply Depot  
  14  0:25  SCV  
  15  0:39  Barracks, SCV  
  16  0:45  Refinery  
  16  0:51  SCV  
  17  1:03  SCV  
  18  1:15  SCV  
  19  1:27  Orbital Command  
  19  1:28  Reaper  
  20  1:40  Command Center  
  20  1:51  Supply Depot  
  20  1:54  SCV  
  20  2:00  Marine  
  22  2:06  SCV  
  23  2:09  Factory  
  23  2:12  Refinery  
  23  2:19  SCV  
  24  2:23  Barracks Reactor  
  24  2:31  SCV  
  25  2:43  SCV  
  26  2:53  Orbital Command, Starport  
  26  2:55  SCV  
  27  3:03  Hellion x2  
  31  3:08  SCV  
  31  3:10  Barracks Tech Lab  
  31  3:12  Liberator  
  31  3:19  SCV  
  32  3:20  SCV  
  32  3:27  Hellion x2  
  37  3:30  Marine  
  37  3:31  SCV  
  37  3:32  SCV  
  43  3:36  Supply Depot  
  43  3:43  SCV  
  43  3:44  SCV  
  45  3:52  Supply Depot  
  45  3:53  Stimpack  
  45  3:54  Marine  
  46  3:57  Liberator  
  46  3:58  SCV x2  
  46  3:59  Hellion x2  
  52  4:10  SCV x2  
  52  4:14  Marine  
  58  4:24  Command Center  
  58  4:25  SCV x2  
  58  4:29  Supply Depot  
  60  4:32  Marine  
  60  4:35  Factory Tech Lab  
  61  4:40  SCV  
  61  4:43  Barracks  
  61  4:45  Bunker  
  62  4:48  Barracks  
  62  4:50  Bunker  
  62  4:52  SCV  
  63  4:57  Marine  
  63  4:58  Siege Tank  
  67  5:00  Starport Reactor  
  67  5:13  SCV  
  67  5:21  Marine  
  67  5:25  SCV  
  67  5:26  SCV  
  70  5:32  Supply Depot x2  
  70  5:33  Supply Depot  
  69  5:39  Supply Depot x2  
  62  5:53  Marine x2  
  62  5:54  Siege Tank, Marine x2  
  68  5:57  Supply Depot  
  68  6:02  SCV  
  69  6:05  Supply Depot, Medivac  
  69  6:06  Medivac  
  69  6:11  Combat Shield, Refinery  
  73  6:16  Command Center  
  73  6:18  Marine x2  
  75  6:28  Marine x2  
  75  6:30  SCV  
  66  6:33  SCV  
  66  6:34  Refinery  
  66  6:36  Marine  
  68  6:44  SCV  
  68  6:45  Starport Reactor  
  68  6:59  SCV  
  68  7:00  Marine x3  
  68  7:01  SCV  
  68  7:07  Barracks x2, Siege Tank, Marine  
  68  7:08  Marine  
  74  7:11  SCV  
  74  7:14  Engineering Bay  
  74  7:15  Engineering Bay  
  75  7:16  SCV  
  75  7:18  Marine x3  
  79  7:23  SCV, Medivac x2  
  79  7:25  Marine x2  
  79  7:28  SCV  
  87  7:30  Orbital Command, Supply Depot x2  
  87  7:31  Supply Depot  
  87  7:36  SCV, Marine x3  
  91  7:43  Marine  
  92  7:44  Siege Tank, Marine  
  92  7:46  SCV  
  92  7:47  Terran Infantry Weapons Level 1, Terran Infantry Armor Level 1  
  97  7:54  Marine x3  
  97  7:55  Barracks Reactor x2  
  100  7:59  Medivac  
  100  8:01  Marine  
  100  8:02  Marine  
  104  8:09  SCV x2  
  104  8:11  Marine  
  107  8:13  SCV  
  107  8:19  Siege Tank, Marine x2  
  112  8:21  Orbital Command  
  112  8:23  Marine x2  
  112  8:26  SCV  
  112  8:27  SCV  
  117  8:31  Bunker, Supply Depot  
  117  8:33  Marine x5  
  122  8:37  Marine x2  
  124  8:41  Marine  
  124  8:42  Marine  
  124  8:47  SCV  
  125  8:50  Supply Depot  
  125  8:52  SCV x2, Marine  
  125  8:53  Supply Depot  
  125  8:54  Supply Depot  
  128  8:55  Armory  
  128  8:59  Supply Depot  
  128  9:03  SCV  
  128  9:04  SCV  
  128  9:07  SCV  
  131  9:15  SCV  
  131  9:17  Missile Turret, Sensor Tower  
  132  9:18  Supply Depot  
  132  9:19  SCV  
  132  9:20  Marine  
  132  9:22  Orbital Command  
  134  9:31  Marine x3  
  118  9:33  Marine x2  
  118  9:35  Marine x2  
  118  9:36  Marine  
  118  9:37  Siege Tank  
  118  9:38  Medivac, Marine  
  101  9:49  Marine x3  
  101  9:51  Marine x2  
Show
View Real Time Build Order
Export as new Build Order

GogojOey Zerg - Winner!

Build Orders: Hatch First 

Get SALT Encoding   

  12  0:00  Drone  
  13  0:12  Overlord  
  13  0:17  Drone  
  14  0:31  Drone x2  
  16  0:49  Hatchery  
  15  0:52  Drone  
  15  0:56  Drone  
  17  1:00  Drone  
  18  1:10  Extractor  
  17  1:16  Spawning Pool  
  16  1:19  Drone  
  16  1:23  Drone  
  18  1:29  Drone  
  19  1:40  Drone  
  20  1:50  Drone  
  21  2:02  Drone  
  21  2:03  Zergling x2  
  21  2:08  Queen x2  
  25  2:11  Overlord  
  27  2:19  Zergling x2  
  28  2:25  Hatchery  
  26  2:30  Zergling x2  
  26  2:32  Drone  
  26  2:33  Drone  
  28  2:39  Drone  
  28  2:43  Metabolic Boost  
  29  2:45  Drone  
  29  2:51  Queen  
  30  2:56  Overlord  
  32  2:59  Drone  
  32  3:01  Drone  
  32  3:05  Drone  
  35  3:09  Drone  
  36  3:18  Drone x2  
  36  3:19  Drone x2  
  41  3:20  Drone  
  41  3:27  Drone  
  41  3:30  Roach Warren, Drone  
  42  3:37  Overlord  
  42  3:38  Drone  
  42  3:39  Queen  
  45  3:47  Zergling x2  
  46  3:48  Queen  
  46  3:51  Drone x2, Extractor  
  46  3:52  Extractor  
  46  3:55  Spore Crawler  
  47  3:59  Drone x3  
  50  4:04  Overlord  
  51  4:14  Roach x3  
  57  4:17  Overlord  
  57  4:23  Overlord  
  57  4:24  Roach x3  
  57  4:26  Zergling x2  
  64  4:32  Zergling x4  
  64  4:37  Overlord x2  
  66  4:43  Overlord  
  66  4:50  Overlord  
  63  4:53  Drone x5  
  70  5:00  Ravager x2  
  70  5:01  Ravager  
  70  5:02  Ravager  
  70  5:04  Drone x3  
  73  5:10  Drone x2  
  75  5:15  Drone x2  
  75  5:20  Ravager  
  78  5:24  Drone x4  
  78  5:26  Drone  
  78  5:38  Drone x4  
  82  5:46  Drone x9  
  89  5:56  Drone  
  89  5:57  Drone x3  
  93  5:59  Lair  
  93  6:03  Zergling x4  
  95  6:09  Zergling x2, Roach  
  98  6:14  Drone x3  
  101  6:21  Evolution Chamber  
  90  6:28  Drone x6  
  90  6:32  Spore Crawler  
  94  6:37  Drone x4  
  94  6:38  Spore Crawler  
  95  6:45  Drone x2  
  97  6:52  Overlord x2  
  97  6:53  Evolution Chamber x2  
  93  6:58  Roach x5  
  101  7:03  Extractor x2  
  101  7:04  Glial Reconstitution  
  101  7:08  Roach x3  
  105  7:11  Roach  
  105  7:14  Roach  
  109  7:20  Zerg Ground Armor Level 1, Zerg Missile Weapons Level 1  
  109  7:21  Hatchery  
  109  7:22  Drone  
  109  7:23  Drone  
  109  7:25  Spore Crawler  
  109  7:32  Roach x6  
  109  7:33  Overlord x2  
  121  7:37  Drone  
  121  7:39  Overlord  
  121  7:44  Roach  
  122  7:49  Overlord  
  122  7:54  Roach x4  
  122  7:55  Roach x4  
  138  8:04  Zergling x4, Ravager  
  138  8:05  Zergling x6  
  144  8:09  Baneling Nest  
  144  8:11  Drone  
  144  8:12  Roach  
  146  8:14  Roach  
  146  8:16  Overlord x2  
  148  8:25  Overlord  
  148  8:28  Overlord x2  
  148  8:35  Roach x8  
  148  8:36  Ravager x2  
  148  8:37  Ravager x2  
  148  8:38  Overseer  
  165  8:43  Roach  
  165  8:44  Roach x4  
  165  8:47  Zergling x2, Roach  
  165  8:48  Zergling x2  
  177  8:57  Roach x5  
  177  8:58  Roach  
  189  9:09  Roach  
  191  9:15  Overlord  
  188  9:25  Zergling x6, Roach  
  158  9:40  Zergling x4, Roach x13  
  181  9:55  Overlord x2  
Tags
 
Add a new tag
Caveats
  • Supply blocks, unpowered buildings, or Contaminate may cause inaccurate times.
  • Supply counts are checked every 10 seconds.